 Dungeon Crawl Stone Soup version 0.29-a0-559-g359e09b9d1 (webtiles) character file.

Game seed: 6171651649828662094

8592 frimble the Basher (level 11, -4/95 HPs)
             Began as a Meteoran Ice Elementalist on June 11, 2022.
             Was a Believer of Cheibriados.
             Slain by a manticore (5 damage)
             ... on level 10 of the Dungeon.
             The game lasted 00:15:49 (4131 turns).

frimble the Basher (Meteoran Ice Elementalist)      Turns: 4131, Time: 00:15:49

Health: -4/95      AC: 15    Str: 15    XL:     11   Next: 88%
Magic:  8/17       EV: 17    Int: 25    God:    Cheibriados [**....]
Gold:   1931       SH:  0    Dex: 21    Spells: 6/15 levels left

rFire   + + .      SeeInvis .   q - +3 club (spect)
rCold   . . .      Faith    .   (no shield)
rNeg    + . .      Spirit   .   a - +0 robe
rPois   .          Reflect  .   d - +0 helmet
rElec   +          Harm     .   m - +1 cloak
rCorr   .          Rampage  .   (no gloves)
Will    +....                   v - +0 pair of boots "Zobiap" {rElec rF++}
Stlth   +.........              (no amulet)
HPRegen 0.25/turn               e - +4 ring of evasion
MPRegen 0.15/turn               l - ring of positive energy

@: ice-armoured, spiked, freezing walls, glowing, very slow
A: sense surroundings 2, otherworldly, glowing, explore regen
a: Renounce Religion, Bend Time


You were on level 10 of the Dungeon.
You worshipped Cheibriados.
Cheibriados was pleased with you.
You visited 2 branches of the dungeon, and saw 11 of its levels.
You also visited: Bailey.

You collected 1931 gold pieces.

Inventory:

Hand Weapons
 h - a +1 scimitar of flaming
 q - a +3 spectral club (weapon)
 y - a +4 long sword of holy wrath
 z - the +4 flail of Podwekh {flame, Int+3}
   (You found it on level 9 of the Dungeon)

   It burns those it strikes, dealing additional fire damage.
   Int:       It affects your intelligence (+3).
Missiles
 x - a throwing net
Armour
 a - a +0 robe (worn)
 d - a +0 helmet (worn)
 m - a +1 cloak (worn)
 v - the +0 pair of boots "Zobiap" (worn) {rElec rF++}
   (You acquired it in a bailey)

   rF:        It greatly protects you from fire.
   rElec:     It insulates you from electricity.
Jewellery
 e - a +4 ring of evasion (left hand)
 l - a ring of positive energy (right hand)
Scrolls
 c - a scroll of identify
 f - a scroll of torment
 i - a scroll of teleportation
 j - 2 scrolls of enchant weapon
 o - 2 scrolls of noise {unknown}
 s - a scroll of poison
 t - a scroll of fear {unknown}
Potions
 b - a potion of magic
 g - a potion of resistance
 k - a potion of curing {unknown}
 n - a potion of berserk rage {unknown}
 p - a potion of mutation {unknown}
 r - 2 potions of cancellation {unknown}
 u - a potion of haste {unknown}


   Skills:
 + Level 8.9 Fighting
 + Level 12.2 Maces & Flails
 - Level 2.5 Dodging
 - Level 1.5 Stealth
 - Level 2.8 Spellcasting
 + Level 8.4 Translocations
 - Level 9.7 Ice Magic
 + Level 6.8 Invocations
 - Level 1.7 Evocations


You had 6 spell levels left.
You knew the following spells:

 Your Spells              Type           Power      Damage    Failure   Level
a - Freeze                Ice            100%       1d11      1%          1
b - Frozen Ramparts       Ice            100%       1d12      1%          3
c - Ozocubu's Armour      Ice            51%        N/A       1%          3
d - Blink                 Tloc           90%        N/A       1%          2

Your spell library contained the following spells:

 Spells                   Type           Power      Damage    Failure   Level
 Manifold Assault         Tloc           45%        N/A       9%          5
 Shock                    Conj/Air       12%        1d3       11%         1
 Slow                     Hex            12%        N/A       11%         1
 Hailstorm                Conj/Ice       27%        3d7       14%         4
 Confusing Touch          Hex            3%         N/A       30%         3
 Swiftness                Air            3%         N/A       30%         3
 Vampiric Draining        Necr           3%         2d6       30%         3
 Summon Forest            Summ/Tloc      12%        N/A       45%         5
 Airstrike                Air            1%         N/A       71%         4
 Summon Mana Viper        Hex/Summ       3%         N/A       96%         5
 Summon Cactus Giant      Summ           1%         N/A       100%        6
 Storm Form               Tmut/Air       1%         N/A       100%        7


Dungeon Overview and Level Annotations

Branches:
Dungeon (10/15)            Temple (1/1) D:7            Lair (0/6) D:10
    Orc (0/2) D:10         Bailey (visited)

Altars:
Ashenzari
Cheibriados
Dithmenos
Elyvilon
Fedhas
Gozag
Hepliaklqana
Kikubaaqudgha
Makhleb
Nemelex Xobeh
Okawaru
Ru
Sif Muna
Trog
Uskayaw
Vehumet
Wu Jian
Xom
Yredelemnul
Zin
The Shining One

Shops:
D:9 :

Annotations:
D:5 1 runed translucent door
D:10 exclusion: oklob plant


Innate Abilities, Weirdness & Mutations

You passively map the area around you.
You are easily found by Zot.
You glow in the dark.
You regain HP and MP as you explore.


Message History

The walls around you are covered in ice.
The wall freezes the yak.
Casting: Frozen Ramparts (safe; 1% risk of failure)
Confirm with . or Enter, or press ? or * to list all spells.
A film of ice covers your body!
The wall freezes the yak!
The yak gores you!
The wall freezes the yak.
The wall freezes the manticore.
The manticore bites you but does no damage.
The manticore barely misses you. The manticore closely misses you.
You hit the manticore but do no damage.
The manticore is lightly wounded.
Your +3 spectral club barely misses the manticore.
The wall freezes the yak.
The yak closely misses you.
The wall freezes the yak.
The wall freezes the manticore.
The manticore bites you but does no damage.
The manticore completely misses you. The manticore misses you.
You thump the manticore!
The manticore is moderately wounded.
Your +3 spectral club hits the manticore.
The wall freezes the yak.
The yak closely misses you.
The wall freezes the yak! x2
The yak gores you but does no damage.
The wall freezes the manticore!
The manticore bites you!
* * * LOW HITPOINT WARNING * * *
The manticore closely misses you. The manticore barely misses you.
You hit the manticore.
The manticore is heavily wounded.
Your +3 spectral club hits the manticore but does no damage.
You barely miss the manticore.
The manticore is heavily wounded.
Your +3 spectral club hits the manticore!
The wall freezes the yak.
The yak gores you but does no damage.
The yak gores your +3 spectral club!
Your spectral weapon shares its damage with you!
* * * LOW HITPOINT WARNING * * *
The wall freezes the yak!
The yak gores you!
* * * LOW HITPOINT WARNING * * *
The wall freezes the manticore.
The manticore bites you!
* * * LOW HITPOINT WARNING * * *
The manticore claws you but does no damage.
The manticore claws you.
You die...

***** *,,,, ########## ##########
*,,,, .....>...# #........# *,,,,
##.......########........# *,,,,
..........[....Y@(.......# *,,,,
......[..##....Y#HY......# **,,,,
##.......##......Y.......##*,,,,,
..)......##................,,,,,,
#.......###..............###*,,,,
#.#####.........Y.......$..,,,,,,
#.# #######................,,,,,,
..###..,..................#,*****
####.)#######..!..####.....,*****


You could see a manticore, 4 yaks and a friendly +3 spectral club (summoned).

Vanquished Creatures
  Harold (D:9)
  A two-headed ogre (D:10)
  Erica (D:9)
  2 orc high priests (Bailey)
  An orc knight (Bailey)
  A tengu conjurer (D:10)
  A hornet (D:9)
  A shadow (D:10)
  A wraith (D:9)
  The ghost of DocClef the Covert, an amateur GnDe (D:5)
  2 water moccasins
  9 orc warriors
  A sky beast (D:7)
  An ogre (D:6)
  2 ice beasts
  3 black bears
  A centaur (D:10)
  2 phantoms
  A kobold brigand (D:7)
  4 bullfrogs
  A necrophage (D:7)
  A gnoll sergeant (D:10)
  3 scorpions
  7 killer bees
  2 electric eels (Bailey)
  8 howler monkeys
  2 bullfrog zombies (D:5)
  A bullfrog skeleton (D:5)
  4 jellies
  A hound (D:5)
  A gnoll shaman (D:5)
  7 orc priests
  7 orc wizards
  Ijyb (D:4)
  2 iguanas
  A killer bee zombie (D:5)
  7 adders
  15 gnolls
  A white imp (D:8)
  2 ufetubi (D:6)
  2 worms (D:5)
  3 dart slugs
  30 orcs
  4 ball pythons
  4 bats
  4 endoplasms
  4 giant cockroaches
  10 goblins
  6 hobgoblins
  5 jackals
  2 quokkas (D:5)
  3 frilled lizards
  6 kobolds
  2 rats (D:3)
196 creatures vanquished.

Vanquished Creatures (collateral kills)
  2 killer bees (D:9)
  An orc (D:7)
3 creatures vanquished.

Vanquished Creatures (others)
  A killer bee (D:9)
  3 withered plants (D:5)
4 creatures vanquished.

Grand Total: 203 creatures vanquished

Notes
Turn   | Place    | Note
-------+----------+-------------------------------------------
     0 | D:1      | frimble the Meteoran Ice Elementalist began the quest for
                  | the Orb.
     0 | D:1      | Reached XP level 1. HP: 14/14 MP: 5/5
    52 | D:1      | Reached XP level 2. HP: 14/20 MP: 2/6
   231 | D:2      | Reached skill level 5 in Ice Magic
   231 | D:2      | Reached XP level 3. HP: 26/26 MP: 6/8
   435 | D:2      | Learned a level 3 spell: Frozen Ramparts
   439 | D:2      | Learned a level 3 spell: Ozocubu's Armour
   512 | D:2      | Found a glowing silver altar of Zin.
   571 | D:2      | Reached XP level 4. HP: 32/33 MP: 7/9
  1134 | D:4      | Reached XP level 5. HP: 28/38 MP: 4/10
  1210 | D:4      | Noticed an ice beast
  1256 | D:4      | Killed an ice beast
  1257 | D:4      | Reached XP level 6. HP: 25/45 MP: 11/11
  1312 | D:4      | Noticed Ijyb
  1331 | D:4      | Killed Ijyb
  1332 | D:4      | Reached XP level 7. HP: 43/50 MP: 5/12
  1374 | D:4      | Reached skill level 1 in Maces & Flails
  1437 | D:4      | Reached skill level 2 in Maces & Flails
  1566 | D:4      | Reached skill level 3 in Maces & Flails
  1604 | D:5      | Entered Level 5 of the Dungeon
  1616 | D:5      | Reached XP level 8. HP: 50/57 MP: 10/13
  1619 | D:5      | Found a runed translucent door.
  1621 | D:5      | Noticed DocClef's ghost (amateur GnDe)
  1630 | D:5      | Reached skill level 4 in Maces & Flails
  1638 | D:5      | Killed DocClef's ghost
  1639 | D:5      | Reached skill level 5 in Maces & Flails
  1643 | D:5      | Found a runed translucent door.
  1752 | D:5      | Reached skill level 6 in Maces & Flails
  1787 | D:6      | Reached skill level 1 in Fighting
  1826 | D:6      | Gained mutation: You passively map the area around you.
                  | [Meteoran growth]
  1826 | D:6      | Reached XP level 9. HP: 50/67 MP: 6/14
  1832 | D:6      | Reached skill level 7 in Maces & Flails
  2241 | D:5      | Learned a level 2 spell: Blink
  2302 | D:6      | Reached skill level 8 in Maces & Flails
  2631 | D:8      | Reached skill level 1 in Translocations
  2650 | D:8      | Reached skill level 5 in Fighting
  2661 | D:8      | Reached skill level 9 in Maces & Flails
  2666 | D:8      | Reached XP level 10. HP: 38/81 MP: 5/15
  2931 | D:7      | Found a staircase to the Ecumenical Temple.
  2937 | Temple   | Entered the Ecumenical Temple
  3040 | Temple   | Became a worshipper of Cheibriados the Contemplative
  3217 | D:7      | Reached skill level 5 in Translocations
  3217 | D:7      | Reached skill level 1 in Evocations
  3266 | D:9      | Paralysed by a hornet for 3 turns
  3269 | D:9      | Reached skill level 10 in Maces & Flails
  3305 | D:9      | Noticed Harold
  3317 | D:9      | Killed Harold
  3334 | D:9      | Noticed Erica
  3335 | D:9      | Noticed a boulder beetle
  3337 | D:9      | Identified the +4 flail of Podwekh {flame, Int+3}
  3344 | D:9      | Found Qoidock's Book Boutique.
  3536 | D:9      | Killed Erica
  3536 | D:9      | Reached * piety under Cheibriados
  3537 | D:9      | Reached XP level 11. HP: 78/92 MP: 9/16
  3573 | D:9      | Reached skill level 11 in Maces & Flails
  3580 | D:10     | Entered Level 10 of the Dungeon
  3603 | D:10     | Noticed a two-headed ogre
  3617 | D:10     | Killed a two-headed ogre
  3620 | D:10     | Noticed an oklob plant
  3633 | D:10     | Found a staircase to the Lair.
  3685 | D:10     | Reached skill level 5 in Invocations
  3697 | D:10     | Found a flagged portal.
  3708 | Bailey   | Entered a bailey
  3770 | Bailey   | Reached ** piety under Cheibriados
  3788 | Bailey   | Noticed an orc high priest
  3798 | Bailey   | Killed an orc high priest
  3840 | Bailey   | Acquired 1074 gold pieces
  3879 | Bailey   | Found an iron altar of Okawaru.
  3879 | Bailey   | Noticed an orc knight
  3879 | Bailey   | Noticed an orc high priest
  3896 | Bailey   | Killed an orc knight
  3898 | Bailey   | Killed an orc high priest
  3899 | Bailey   | Reached skill level 12 in Maces & Flails
  3929 | Bailey   | Acquired the +0 pair of boots "Zobiap" {rElec rF++}
  3936 | Bailey   | Acquired 524 gold pieces
  4115 | D:10     | Noticed a manticore
  4131 | D:10     | HP: 1/95 [manticore (11)]
  4131 | D:10     | Slain by a manticore

Illustrated notes

Levels and vault maps discovered:
D:1:      lightli_arrival_lavapool, layout_basic, serial_shops,
          nicolae_shop_statue_plus, nicolae_ecumenical_lake_church
D:2:      layout_loops_cross, basic_altar, serial_forest,
          infiniplex_forest_straight_4, infiniplex_forest_lined_2,
          infiniplex_forest_clump_large, infiniplex_forest_lined_ring,
          infiniplex_forest_end_3, infiniplex_forest_lined_4_way
D:3:      layout_rooms
D:4:      layout_gridville, minmay_small_thing, uniq_ijyb, uniq_sigmund
D:5:      layout_basic, serial_undead, serial_undead_c, serial_undead_b,
          serial_undead_e, serial_undead_d, ebering_ghost_sewer_f
D:6:      layout_basic, kennysheep_mini
D:7:      layout_basic, temple_pool_b
D:8:      layout_loops_ring
D:9:      kennysheep_seaside_town, layout_rooms, serial_shops,
          nicolae_stop_n_shop_1, serial_co_window_serial, co_window_corner_a,
          co_window_of_opportunity_a, co_window_corner_a,
          co_window_of_opportunity_a, co_window_of_opportunity_a,
          co_window_2corner, co_window_of_opportunity_b,
          co_window_unsneaky_path_e, co_window_broadway_b,
          co_window_unsneaky_path_d, co_window_unsneaky_path_c, glass_columns_b,
          glass_columns_b, glass_columns_b, glass_columns_a, glass_columns_c,
          minivault_27, uniq_erica, uniq_harold, uniq_psyche
D:10:     layout_rooms, dpeg_oklobed_lair, david_orc_5, enter_bailey_7
Temple:   kilobyte_greek_temple

Skill      XL: |  1  2  3  4  5  6  7  8  9 10 11 |
---------------+----------------------------------+-----
Ice Magic      | 5 6 7 8 9 |  9.7
Maces & Flails | 3 6 9 10 12 | 12.2
Fighting       | 2 5 7 8 |  8.9
Translocations | 3 6 8 |  8.4
Evocations     | 1 |  1.7
Invocations    | 3 6 |  6.8
Dodging        | |  2.5
Stealth        | |  1.5
Spellcasting   | |  2.8

Action                   |  1- 3 |  4- 6 |  7- 9 | 10-12 || total
-------------------------+-------+-------+-------+-------++-------
Melee: Unarmed           |    12 |     7 |       |       ||    19
       Club              |       |       |   160 |   173 ||   333
       Punch             |       |       |     2 |     7 ||     9
 Cast: Freeze            |    35 |    28 |     7 |       ||    70
       Frozen Ramparts   |       |     5 |    12 |    20 ||    37
       Ozocubu's Armour  |       |     1 |     5 |    21 ||    27
       Blink             |       |       |     1 |     7 ||     8
Evoke: Wand              |       |     8 |       |    13 ||    21
  Use: Scroll            |       |       |     4 |    12 ||    16
       Potion            |       |       |       |     1 ||     1
 Stab: Distracted        |       |       |     2 |     2 ||     4
       Sleeping          |       |       |     2 |       ||     2
Armor: Robe              |     3 |     6 |    34 |    35 ||    78
Dodge: Dodged            |    25 |    21 |   105 |   111 ||   262

Table legend: (Time is in decaauts)
 A = Elapsed time spent in this place.
 B = Non-inter-level travel time spent in this place.
 C = Inter-level travel time spent in this place.
 D = Time resting spent in this place.
 E = Time spent auto-exploring this place.
 F = Levels seen in this place.
 G = Mean time per level.
                   A        B        C        D        E       F      G
               +--------+--------+--------+--------+--------+-----+--------+
         Total |   4387 |   4075 |    312 |     43 |   2301 |  12 |  365.6 |
       Dungeon |   3810 |   3549 |    261 |     43 |   2212 |  10 |  381.0 |
        Temple |    154 |    104 |     50 |      0 |     89 |   1 |  154.0 |
        Bailey |    422 |    422 |      0 |      0 |      0 |   1 |  422.0 |
               +--------+--------+--------+--------+--------+-----+--------+

Top non-repeatable levels by time:
     D:6: 628 daAuts
     D:4: 511 daAuts
     D:2: 488 daAuts
     D:7: 456 daAuts
  Bailey: 422 daAuts
     D:3: 388 daAuts
     D:9: 315 daAuts
     D:5: 277 daAuts
    D:10: 267 daAuts
     D:8: 257 daAuts
     D:1: 218 daAuts
  Temple: 154 daAuts
